 Dungeon Crawl Stone Soup version 0.18.1-50-g88ac8fd (webtiles) character file.

67 Gargoyl the Skirmisher (level 4, 34/35 HPs)
             Began as a Demonspawn Abyssal Knight on Sept 20, 2016.
             Was a Believer of Lugonu.
             Quit the game on level 2 of the Dungeon.
             The game lasted 00:02:16 (1092 turns).

Gargoyl the Skirmisher (Demonspawn Abyssal Knight)  Turns: 1092, Time: 00:02:17

Health: 34/35      AC:  9    Str: 14    XL:     4   Next: 0%
Magic:  6/6        EV:  6    Int: 13    God:    Lugonu [**....]
Gold:   49         SH:  0    Dex: 12    Spells: 0 memorised, 3 levels left

rFire  . . .     SeeInvis .     a - +1 hand axe
rCold  . . .     Gourm    .     k - +0 chain mail
rNeg   . . .     Faith    .     (no shield)
rPois  .         Spirit   +     (helmet restricted)
rElec  .         Dismiss  .     (no cloak)
rCorr  .         Reflect  .     (no gloves)
SustAt .         Harm     .     (no boots)
MR     .....                    (no amulet)
Stlth  ..........               (no ring)
                                (no ring)

@: not resistant to hostile enchantments, extremely unstealthy
A: antennae 1, powered by death 1, magic shield
a: Depart the Abyss, Bend Space, Renounce Religion


You were on level 2 of the Dungeon.
You worshipped Lugonu.
Lugonu was pleased with you.
You were not hungry.

You visited 1 branch of the dungeon, and saw 2 of its levels.
You visited the Abyss 1 time.

You collected 49 gold pieces.

Inventory:

Hand Weapons
 a - a +1 hand axe (weapon)
Armour
 k - a +0 chain mail (worn)
Wands
 l - a wand of slowing (30/48)
Scrolls
 e - a scroll of identify {unknown}
 f - 2 scrolls of fear {unknown}
 g - a scroll of teleportation {unknown}
 h - a scroll of enchant armour {unknown}
 o - a scroll of immolation {unknown}
 r - a scroll of enchant weapon {unknown}
Potions
 b - a potion of flight {unknown}
 d - 2 potions of curing {unknown}
 i - a potion of lignification {unknown}
 j - a potion of invisibility {unknown}
 m - 2 potions of might {unknown}
 n - a potion of agility {unknown}
 p - a potion of degeneration {unknown}
 s - a potion of cure mutation {unknown}
Comestibles
 c - 2 bread rations
 q - a chunk of flesh


   Skills:
 + Level 3.5 Fighting
 + Level 2.1 Axes
 * Level 2.9 Armour
 + Level 1.2 Dodging
 * Level 2.8 Invocations


You had 3 spell levels left.
You didn't know any spells.

Dungeon Overview and Level Annotations

Branches:
Dungeon (2/15)

Altars:


Innate Abilities, Weirdness & Mutations

You have a pair of small antennae on your head.
You regenerate a little health from kills.
When hurt, damage is shared between your health and your magic reserves.


Message History

You hit the kobold.
You kill the kobold!
Lugonu accepts your kill. The bat hits you but does no damage.
You closely miss the bat. The bat hits you but does no damage. x2
The bat barely misses you.
You closely miss the bat. The bat closely misses you.
The bat barely misses you. The bat hits you but does no damage.
You closely miss the bat. The bat barely misses you.
The bat hits you but does no damage.
Your chain mail prevents you from hitting the bat.
The bat closely misses you. The bat hits you but does no damage. x2
You hit the bat.
You kill the bat!
Lugonu accepts your kill.
You have reached level 4!
You feel stronger.
Your demonic ancestry asserts itself...
You feel your magical essence form a protective shroud around your flesh.
The bat hits you. The bat hits you but does no damage. x2
Are you sure you want to abandon this character and quit the game? (Confirm with "yes".)

#.....(.#.......########
#...≈...#...............
#..§§≈..#......#########
#.≈.§.≈.#.(....#
#..≈$≈..#......#
#...≈...#......#
#.......#......#
####'####.....##
#..b@.....## ###########


You could see a bat.

Vanquished Creatures
  An adder (D:2)
  A worm (D:2)
  5 dart slugs (D:1)
  A ball python (D:2)
  3 giant cockroaches
  4 goblins
  5 hobgoblins
  2 jackals (D:2)
  2 quokkas
  A bat (D:2)
  4 giant newts (D:1)
  8 kobolds
  8 rats
45 creatures vanquished.

Notes
Turn   | Place    | Note
--------------------------------------------------------------
     0 | Abyss:1  | Gargoyl the Demonspawn Abyssal Knight began the quest for the Orb.
     0 | Abyss:1  | Reached XP level 1. HP: 18/18 MP: 2/2
    24 | Abyss:1  | Found a corrupted altar of Lugonu.
    78 | Abyss:1  | Noticed a thrashing horror
    81 | D:1      | Escaped the Abyss
   323 | D:1      | Reached * piety under Lugonu
   343 | D:1      | Reached skill level 1 in Dodging
   390 | D:1      | Gained mutation: You regenerate a little health from kills. [demonic ancestry]
   390 | D:1      | Reached XP level 2. HP: 24/24 MP: 3/3
   606 | D:1      | Gained mutation: You have a pair of small antennae on your head. [demonic ancestry]
   606 | D:1      | Reached XP level 3. HP: 27/29 MP: 4/4
   865 | D:2      | Reached ** piety under Lugonu
  1091 | D:2      | Gained mutation: When hurt, damage is shared between your health and your magic reserves. [demonic ancestry]
  1091 | D:2      | Reached XP level 4. HP: 35/35 MP: 6/6
  1092 | D:2      | Quit the game

Skill      XL: |  1 |
---------------+----+-----
Armour         | 2 |  2.9
Dodging        | 1 |  1.2
Axes           | 2 |  2.1
Fighting       | |  3.5
Invocations    | |  2.8

Action                   |  1- 3 |  4- 6 || total
-------------------------+-------+-------++-------
Melee: Hand axe          |   142 |       ||   142
Invok: Depart the Abyss  |     1 |       ||     1
  Eat: Chunk             |     1 |       ||     1
Armor: Scale mail        |    19 |       ||    19
       Chain mail        |    76 |     2 ||    78
Dodge: Dodged            |    60 |       ||    60
